Map: Cyber Forest LE

Players

Neeb - Winner!

  • Race: Protoss Protoss
  • League: Master
  • Spawn Location: 11:00

Probe

  • Race: Protoss Protoss
  • League: Master
  • Spawn Location: 5:00

Event: 2019 WCS Winter Americas

VOD

Have the link to the VOD?

Description

Time

  • Played on: March 24, 2019, 12:20 p.m.
  • Length: 4:25

All games in this series

Show
View Real Time Build Order
Export as new Build Order

Neeb Protoss - Winner!

Build Orders:  

Get SALT Encoding   

  12  0:00  Probe  
  13  0:12  Probe  
  14  0:18  Pylon  
  14  0:24  Probe  
  15  0:32  Probe  
  15  0:37  Gateway  
  15  0:40  Probe  
  16  0:46  Assimilator  
  17  0:51  Probe  
  17  0:54  Assimilator  
  19  1:06  Gateway  
  19  1:11  Pylon  
  18  1:15  Probe  
  19  1:25  Cybernetics Core  
  19  1:33  Gateway  
  19  1:46  Probe  
  20  1:51  Stalker  
  20  1:56  Assimilator  
  22  2:02  Probe  
  22  2:03  Shield Battery  
  23  2:14  Warp Gate, Probe  
  24  2:16  Stalker  
  24  2:18  Pylon  
  26  2:35  Probe  
  27  2:39  Stalker, Shield Battery  
  29  2:51  Gateway  
  29  3:02  Robotics Facility  
  29  3:06  Gateway  
  29  3:30  Stalker  
  31  3:35  Pylon  
  31  3:36  Pylon  
  31  3:40  Immortal  
  35  3:56  Pylon  
  35  4:10  Stalker x2  
Show
View Real Time Build Order
Export as new Build Order

Probe Protoss 

Build Orders:  

Get SALT Encoding   

  12  0:00  Probe  
  13  0:13  Probe  
  14  0:17  Pylon  
  14  0:25  Probe  
  15  0:34  Probe  
  15  0:35  Forge  
  16  0:43  Probe  
  17  0:52  Probe  
  18  1:03  Pylon  
  18  1:14  Pylon  
  18  1:18  Pylon  
  18  1:20  Probe  
  18  1:22  Photon Cannon  
  18  1:25  Photon Cannon  
  19  1:32  Probe  
  20  1:40  Gateway  
  20  1:41  Assimilator  
  20  1:44  Probe  
  21  1:48  Assimilator  
  21  1:56  Probe  
  22  2:08  Probe  
  23  2:20  Probe, Pylon  
  24  2:32  Cybernetics Core, Probe  
  25  2:44  Probe  
  25  2:45  Pylon  
  25  2:47  Photon Cannon  
  25  2:59  Pylon  
  25  3:04  Stalker  
  25  3:06  Pylon  
  27  3:12  Stargate  
  27  3:20  Shield Battery  
  26  3:34  Stalker  
  26  3:35  Photon Cannon  
  28  3:45  Photon Cannon  
  27  3:49  Probe  
  30  4:10  Probe  
  30  4:13  Robotics Facility  
Tags
 
Add a new tag
Caveats
  • Supply blocks, unpowered buildings, or Contaminate may cause inaccurate times.
  • Supply counts are checked every 10 seconds.